 Dungeon Crawl Stone Soup version 0.28.0-45-g0d030f2227 (webtiles) character file.

Game seed: 7751964218539558859

58 sking99 the Insei (level 3, -2/26 HPs)
             Began as a Demonspawn Transmuter on May 20, 2022.
             Slain by an iguana (8 damage)
             ... on level 2 of the Dungeon.
             The game lasted 00:03:32 (2599 turns).

sking99 the Insei (Demonspawn Transmuter)           Turns: 2599, Time: 00:03:32

Health: -2/26      AC:  2    Str: 10    XL:     3   Next: 76%
Magic:  5/6        EV: 12    Int: 16    God:
Gold:   65         SH:  0    Dex: 13    Spells: 0/6 levels left

rFire   . . .      SeeInvis .     - Unarmed
rCold   . . .      Faith    .   (no shield)
rNeg    . . .      Spirit   .   a - +0 robe
rPois   .          Reflect  .   (helmet currently unavailable)
rElec   .          Harm     .   (no cloak)
rCorr   .          Rampage  .   (no gloves)
Will    .....                   (boots currently unavailable)
Stlth   +.........              (no amulet)
HPRegen 0.08/turn               (no ring)
MPRegen 0.10/turn               (no ring)

@: appendages (expiring)
A: horns 2, talons 2, powered by pain 1
a: End Transformation


You were on level 2 of the Dungeon.
You had temporarily grown beastly horns and talons.
You visited 1 branch of the dungeon, and saw 2 of its levels.

You collected 65 gold pieces.

Inventory:

Armour
 a - a +0 robe (worn)
Scrolls
 b - 3 scrolls of noise {unknown}
 c - a scroll of amnesia {unknown}
 d - a scroll of immolation {unknown}
 i - a scroll of identify {unknown}
Potions
 e - a potion of haste {unknown}
 f - a potion of resistance {unknown}
 g - 2 potions of heal wounds {unknown}
 h - a potion of curing {unknown}


   Skills:
 - Level 1.5 Fighting
 - Level 2.2 Dodging
 - Level 3.3 Unarmed Combat
 - Level 2.0 Spellcasting
 + Level 2.2 Transmutations
 + Level 1.2 Poison Magic


You couldn't memorise any spells.
You knew the following spells:

 Your Spells              Type           Power      Damage    Failure   Level
a - Beastly Appendage     Tmut           16%        N/A       9%          1
b - Wereblood             Tmut           8%         N/A       13%         2
c - Spider Form           Tmut/Pois      7%         N/A       30%         3

Your spell library contained the following spells:

 Spells                   Type           Power      Damage    Failure   Level
 Ice Form                 Ice/Tmut       5%         N/A       78%         4


Dungeon Overview and Level Annotations

Branches:
Dungeon (2/15)

Altars:

Shops:
D:1 [*(??


Innate Abilities, Weirdness & Mutations

You have temporarily grown beastly horns and talons.
You sometimes gain a little power by taking damage.


Message History

There is a stone staircase leading down here.
An iguana comes into view.
Casting: Beastly Appendage (safe; 9% risk of failure)
Confirm with . or Enter, or press ? or * to list all spells.
You miscast Beastly Appendage.
You are very lightly contaminated with residual magic.
Nothing appears to happen.
Casting: Beastly Appendage (safe; 9% risk of failure)
Confirm with . or Enter, or press ? or * to list all spells.
You grow a pair of large bovine horns.
Your feet morph into talons.
Your transformation is almost over.
The helpless iguana fails to defend itself.
You hit the iguana but do no damage. You claw the iguana, but do no damage.
You headbutt the iguana!
The iguana is moderately wounded.
Your magical contamination has completely faded away.
You barely miss the iguana. Your headbutt misses the iguana.
The iguana is moderately wounded.
The iguana bites you.
You barely miss the iguana.
The iguana is moderately wounded.
The iguana bites you!
You barely miss the iguana.
The iguana is moderately wounded.
The iguana closely misses you.
You hit the iguana.
The iguana is heavily wounded.
The iguana bites you but does no damage.
You hit the iguana but do no damage. Your headbutt misses the iguana.
The iguana is heavily wounded.
The iguana bites you!
* * * LOW HITPOINT WARNING * * *
You hit the iguana.
The iguana is heavily wounded.
The iguana closely misses you.
You closely miss the iguana. Your kick misses the iguana.
Your headbutt misses the iguana.
The iguana is heavily wounded.
The iguana bites you!
You die...

######### #.......# ######
##.#####.#######....#
##....# #...@l..#.##.#####
#...#.# #######.#.##.....#
###...#.# #.#........# ##
#.....#.#########.###......#
#.
#.#...#>.............).#####
#. #.###.#.###.###.######.#
#. #.....#.# #.......# #.#
#. #######.###.###.#.# #.##
#. #.....# #.#.# #..## #.


You could see an iguana.

Vanquished Creatures
  2 adders (D:2)
  2 dart slugs
  A bat (D:2)
  2 endoplasms
  5 goblins
  4 hobgoblins
  6 kobolds
  9 ball pythons
  4 frilled lizards (D:2)
  A rat (D:1)
36 creatures vanquished.

Notes
Turn   | Place    | Note
-------+----------+-------------------------------------------
     0 | D:1      | sking99 the Demonspawn Transmuter began the quest for the
                  | Orb.
     0 | D:1      | Reached XP level 1. HP: 15/15 MP: 3/3
   628 | D:1      | Found Dacalaon's Magic Scroll Emporium.
   720 | D:1      | Reached skill level 3 in Unarmed Combat
   783 | D:1      | Gained mutation: You sometimes gain a little power by
                  | taking damage. [demonic ancestry]
   783 | D:1      | Reached XP level 2. HP: 21/21 MP: 3/5
   888 | D:1      | Found Xiles's General Store.
   928 | D:1      | Found Jifoste's Antique Armour Shop.
  1227 | D:1      | Found Sotugel's Weapon Boutique.
  1283 | D:1      | Found Xutut's Magic Scroll Emporium.
  1770 | D:2      | Reached XP level 3. HP: 26/26 MP: 6/6
  1773 | D:2      | Learned a level 2 spell: Wereblood
  1777 | D:2      | Learned a level 3 spell: Spider Form
  2254 | D:2      | Found a faded altar of an unknown god.
  2281 | D:2      | Reached skill level 1 in Poison Magic
  2599 | D:2      | Slain by an iguana

Illustrated notes

Levels and vault maps discovered:
D:1:      psy_arrival_heroes, layout_loops_corners, serial_shops, shop, shop,
          nicolae_shop_waterfront, nicolae_shop_competitors_out_of_business,
          shop_scrolls
D:2:      minmay_angry_zag, layout_basic, shapermc_ecumenical_altar_ellora,
          st_stairs_4, grunt_decor_cap

Skill      XL: |  1  2  3 |
---------------+----------+-----
Dodging        | 2 |  2.2
Unarmed Combat | 3 |  3.3
Transmutations | 2 |  2.2
Poison Magic   | 1 |  1.2
Fighting       | |  1.5
Spellcasting   | |  2.0

Action                   || total
-------------------------++-------
Melee: Unarmed           ||   102
       Kick              ||    29
       Headbutt          ||    10
       Punch             ||     2
 Cast: Beastly Appendage ||    26
 Stab: Sleeping          ||     1
Armor: Robe              ||    10
Dodge: Dodged            ||    52
